AoeStats
← mad Iltis

Yucatan

510408593Analyzed
3v3 RM · 2d ago on Sep 30, 2026· 56m 24s· 6 players
Game mode
Random Map
Map size
Normal (6 player)
Population
200
Speed
Normal
Resources
Standard
Victory
Conquest
Starting age
Dark Age
Ending age
Imperial Age
RankedLock teamsTeams togetherTeam positionsShared explorationLock speedFull tech treeHidden civsTurbo modeCheats
Victory
Defeat
🇩🇪 Mongols · Germany
1263
+13
🇦🇷 Vietnamese · Argentina
1229
+38
🇦🇷 Huns · Argentina
1205
+16
🇪🇸 Varangians · Spain
1236
-15
🇪🇸 Mongols · Spain
1225
-16
🇦🇷 Britons · Argentina
1151
-13
ulivr
6:27 Loom
9:21 Feudal Age
15:12 Castle Age
13:51 Scale Barding Armor
13:38 Gold Mining
25:21 Forging
27:11 Wheelbarrow
28:23 Chain Barding Armor
28:54 Bloodlines
28:55 Town Watch
29:48 Iron Casting
29:29 Husbandry
29:34 Double-Bit Axe
37:37 Hand Cart
37:41 Bow Saw
37:13 Horse Collar
37:26 Stone Mining
38:49 Town Patrol
39:36 Fletching
40:36 Gold Shaft Mining
39:55 Light Cavalry
40:33 Bodkin Arrow
41:03 Padded Archer Armor
44:50 Imperial Age
43:29 Leather Archer Armor
45:35 Bracer
46:39 Blast Furnace
45:16 Hussar
45:48 Hussar
46:25 Heavy Camel Rider
47:35 Masonry
Bonjons
5:20 Loom
9:18 Feudal Age
12:23 Bloodlines
13:03 Wheelbarrow
13:33 Double-Bit Axe
19:50 Castle Age
19:07 Scale Barding Armor
19:45 Gold Mining
20:39 Forging
20:40 Husbandry
21:14 Horse Collar
22:26 Chain Barding Armor
29:11 Bow Saw
29:04 Heavy Plow
39:18 Hand Cart
38:48 Town Watch
40:35 Iron Casting
43:43 Imperial Age
41:22 Scale Mail Armor
41:58 Squires
41:44 Arson
42:36 Town Patrol
43:26 Chain Mail Armor
43:53 Cavalier
45:08 Conscription
44:13 Vendel Legacy
46:18 Plate Barding Armor
46:27 Stone Mining
46:26 Elite Varangian Guard
48:39 Stone Shaft Mining
49:57 Plate Mail Armor
50:27 Blast Furnace
50:21 Heavy Scorpion
54:36 Chemistry
54:00 Ballistics
54:21 Light Cavalry
MACGP40
0:37 Loom
10:13 Feudal Age
10:46 Double-Bit Axe
21:18 Fletching
30:50 Castle Age
28:55 Padded Archer Armor
29:13 Stone Mining
29:51 Horse Collar
31:33 Bodkin Arrow
31:02 Crossbowman
35:05 Ballistics
41:36 Leather Archer Armor
42:47 Bow Saw
43:01 Elite Skirmisher
47:56 Imperial Age
46:42 Wheelbarrow
46:11 Heavy Plow
47:13 Gold Mining
48:25 Hand Cart
48:33 Yeomen
48:41 Bracer
49:48 Chemistry
48:34 Arbalester
49:54 Conscription
51:41 Two-Man Saw
51:19 Gold Shaft Mining
52:28 Warwolf
mad Iltis
7:42 Loom
10:05 Feudal Age
10:48 Double-Bit Axe
13:29 Horse Collar
16:33 Scale Barding Armor
21:30 Bloodlines
23:31 Castle Age
21:50 Scale Mail Armor
22:57 Gold Mining
25:51 Bow Saw
25:43 Heavy Plow
25:58 Bloodlines
25:49 Husbandry
31:21 Stone Mining
32:22 Gold Shaft Mining
33:12 Wheelbarrow
33:43 Chain Barding Armor
36:02 Forging
35:42 Fletching
38:04 Iron Casting
41:47 Imperial Age
40:12 Bodkin Arrow
40:18 Padded Archer Armor
40:56 Ballistics
42:02 Masonry
42:54 Conscription
43:53 Hand Cart
43:23 Elite Mangudai
46:20 Chemistry
46:15 Thumb Ring
47:37 Parthian Tactics
47:14 Bracer
47:30 Leather Archer Armor
Berenjena
9:14 Loom
12:00 Feudal Age
12:55 Double-Bit Axe
17:51 Castle Age
16:24 Fishing Lines
21:18 Gillnets
23:25 Fletching
24:04 Husbandry
25:28 Wheelbarrow
27:10 Bodkin Arrow
28:20 Padded Archer Armor
29:05 Hand Cart
30:00 Gold Mining
30:53 Leather Archer Armor
30:46 Horse Collar
31:50 Town Watch
37:19 Imperial Age
35:20 Ballistics
35:29 Forging
35:19 Scale Mail Armor
35:24 Scale Barding Armor
35:29 Forging
36:20 Bow Saw
36:43 Bloodlines
37:22 Thumb Ring
37:41 Town Patrol
38:03 Bracer
39:06 Chemistry
38:42 Parthian Tactics
37:37 Heavy Cavalry Archer
39:06 Cavalier
41:23 Marauders
42:02 Heavy Plow
44:17 Paladin
48:10 Iron Casting
47:50 Chain Mail Armor
47:55 Chain Barding Armor
48:11 Iron Casting
47:51 Chain Mail Armor
47:05 Elite Tarkan
52:36 Two-Man Saw
52:44 Blast Furnace
52:19 Plate Barding Armor
52:45 Blast Furnace
52:20 Plate Barding Armor
ale chaco
4:14 Loom
10:56 Feudal Age
11:34 Double-Bit Axe
14:02 Padded Archer Armor
15:35 Fletching
16:51 Horse Collar
20:24 Wheelbarrow
25:27 Castle Age
26:36 Hand Cart
26:31 Bodkin Arrow
26:51 Leather Archer Armor
26:49 Bow Saw
30:58 Ballistics
31:46 Heavy Plow
47:12 Imperial Age
49:46 Chemistry
48:57 Thumb Ring
49:34 Ring Archer Armor
50:14 Elite Rattan Archer
50:54 Elite Skirmisher
54:10 Imperial Skirmisher
Connection lost

Rejoining the realm…

Still unreachable

The connection could not be restored.

Session expired

The server has moved on; the page needs a fresh start.